 Dungeon Crawl Stone Soup version 0.29.0-4-gdea44cf6ec (webtiles) character file.

Game seed: 6406442757005575575

360 qw the Chopper (level 6, 0/37 HPs)
             Began as a Tengu Warper on Aug 28, 2022.
             Succumbed to Eustachio's poison
             ... on level 4 of the Dungeon.
             The game lasted 00:00:20 (3157 turns).

qw the Chopper (Tengu Warper)                       Turns: 3157, Time: 00:00:21

Health: 0/37       AC:  9    Str: 14    XL:     6   Next: 65%
Magic:  10/10      EV: 12    Int: 13    God:
Gold:   15         SH:  0    Dex: 19    Spells: 9/9 levels left

rFire   + . .      SeeInvis .   Y - +1 hand axe
rCold   . . .      Faith    .   (no shield)
rNeg    . . .      Spirit   .   g - +0 scale mail
rPois   .          Reflect  .   (helmet restricted)
rElec   .          Harm     .   b - +2 cloak
rCorr   .          Rampage  .   (no gloves)
Will    .....                   (boots unavailable)
Stlth   ..........              (no amulet)
HPRegen 0.12/turn               a - +6 ring of dexterity
MPRegen 0.12/turn               e - ring of protection from fire

@: lethally poisoned (0 -> -9), flying quickly and evasively, quick
A: beak, talons 3, nimble flight
a: no special abilities


You were on level 4 of the Dungeon.
You visited 1 branch of the dungeon, and saw 5 of its levels.

You collected 710 gold pieces.
You spent 695 gold pieces at shops.


Innate Abilities, Weirdness & Mutations

You have a beak for a mouth.
You have claws for feet.
Your magical nature lets you fly swiftly and evasively.


   Skills:
 - Level 3.0 Fighting
 - Level 7.1 Axes
 - Level 1.0 Throwing
 - Level 1.1 Armour
 + Level 2.1 Dodging
 - Level 2.0 Spellcasting
 - Level 2.4 Translocations


You had 9 spell levels left.
You didn't know any spells.
Your spell library contained the following spells:

 Spells                   Type           Power      Damage    Failure   Level
 Blink                    Tloc           14%        N/A       54%         2
 Gell's Gravitas          Tloc           7%         N/A       77%         3
 Lesser Beckoning         Tloc           7%         N/A       77%         3
 Teleport Other           Tloc           7%         N/A       77%         3
 Manifold Assault         Tloc           7%         N/A       100%        5

Inventory:

Hand Weapons
 c - a +0 flail
 Y - a +1 hand axe (weapon)
Armour
 b - a +2 cloak (worn)
 g - a +0 scale mail (worn)
Jewellery
 a - a +6 ring of dexterity (left hand)
 d - a +6 ring of dexterity
 e - a ring of protection from fire (right hand)
Scrolls
 n - a scroll of identify
Potions
 f - a potion of lignification {unknown}
 i - a potion of haste
 k - a potion of resistance {unknown}
 l - a potion of might
 m - a potion of curing {unknown}
 o - a potion of mutation {unknown}

Dungeon Overview and Level Annotations

Branches:
Dungeon (5/15)
 Temple: D:4-7

Altars:
The Shining One

Shops:
D:2 [?=[

Annotations:
D:2 1 runed translucent door, Crazy Yiuf
D:4 Eustachio


Message History

You hit Eustachio. You hit the iron imp. You miss the quasit.
You feel sick.
The quasit bites you but does no damage.
The quasit completely misses you.
The quasit claws you but does no damage.
The river rat closely misses you.
The iron imp disappears for a moment.
The iron imp closely misses you.
Eustachio hits you with a +2 rapier of venom!
You barely miss the river rat. You claw the river rat.
You peck the river rat, but do no damage.
The river rat is severely wounded.
You hit Eustachio. You hit the iron imp but do no damage. You hit the quasit.
You feel sick. The quasit misses you.
The quasit claws you but does no damage.
The quasit closely misses you. The river rat bites you.
Eustachio hits you with a +2 rapier of venom.
You are lethally poisoned!
You barely miss the river rat. Your kick misses the river rat.
The river rat is severely wounded.
You hit the iron imp. You hit the quasit. You hit Eustachio.
You feel very sick.
The quasit bites you but does no damage.
The quasit closely misses you. The quasit misses you. The iron imp misses you.
The river rat barely misses you. The quasit barely misses you. x2
The quasit closely misses you. Eustachio closely misses you.
You hit the river rat.
You kill the river rat!
The river rat's corpse disappears in a puff of smoke!
You hit the iron imp. You barely miss the quasit.
You hit Eustachio but do no damage.
You feel sick.
The iron imp hits you but does no damage.
The quasit barely misses you. The quasit closely misses you.
The quasit claws you but does no damage.
You miss the quasit. You peck the quasit.
The quasit is heavily wounded.
You hit Eustachio but do no damage. You hit the quokka.
You hit the iron imp but do no damage.
You die...

#....### ##...##. ####
##.##.. # ...## #.....# #.
....########....## ##.#
##..##...........#
#...##...###......#...##
.......55.# ##.....##...#
#..##..@@# #......##...
K....##r##############...
........#.#.#...#.#.#...#
K..###..ยค.#...#...#.....#
##.#...#.#.#...##..#
#..#...#.#.#...##.#.
......#...#)..#....##
..##.#.#.#...#.#.#### ....
#.#############


You could see Eustachio, an iron imp (summoned), a quasit (summoned) and a
quokka (summoned).

Vanquished Creatures
  Menkaure (D:4)
  An ogre (D:4)
  A howler monkey (D:4)
  A jelly (D:4)
  Robin (D:2)
  4 adders
  2 worms (D:2)
  2 dart slugs (D:1)
  An orc (D:4)
  4 bats
  7 endoplasms
  4 giant cockroaches
  11 goblins
  6 hobgoblins
  2 jackals (D:1)
  7 kobolds
  A quokka (D:3)
  6 ball pythons
  3 frilled lizards
  6 rats
71 creatures vanquished.

Notes
Turn   | Place    | Note
-------+----------+-------------------------------------------
     0 | D:1      | qw the Tengu Warper began the quest for the Orb.
     0 | D:1      | Reached XP level 1. HP: 12/12 MP: 4/4
     0 | D:1      | 0 ||| qw: Version: 0.1-a-89-g26bdef1
     0 | D:1      | 0 ||| qw: Game counter: 1495
     0 | D:1      | 0 ||| qw: Always use a shield: true
     0 | D:1      | 0 ||| qw: God list: Okawaru
     0 | D:1      | 0 ||| qw: Allow faded altars: false
     0 | D:1      | 0 ||| qw: Do Orc after D:15 true
     0 | D:1      | 0 ||| qw: Do second Lair branch before Depths: true
     0 | D:1      | 0 ||| qw: Lair rune preference: random
     0 | D:1      | 0 ||| qw: Plans: Normal
     0 | D:1      | 0 ||| PLANNING D:1-11
    57 | D:1      | Reached skill level 3 in Axes
    57 | D:1      | Reached XP level 2. HP: 17/17 MP: 6/6
   237 | D:1      | 237 ||| Stepping ~*~*~tactically~*~*~ (hiding).
   480 | D:1      | 480 ||| Stepping ~*~*~tactically~*~*~ (stealth).
   708 | D:1      | Reached XP level 3. HP: 21/21 MP: 7/7
   748 | D:1      | 748 ||| DROPPING +0 club.
   824 | D:1      | 824 ||| Stepping ~*~*~tactically~*~*~ (stealth).
   837 | D:1      | Reached skill level 4 in Axes
  1039 | D:1      | 1039 ||| UPGRADING to +0 ring mail.
  1049 | D:1      | 1049 ||| DROPPING +0 leather armour.
  1050 | D:1      | 1050 ||| UPGRADING to +0 scale mail.
  1060 | D:1      | 1060 ||| DROPPING +0 ring mail.
  1061 | D:1      | 1061 ||| UPGRADING to +6 ring of dexterity.
  1062 | D:1      | 1062 ||| READING scroll labelled ZINEOKO YRRABRAR.
  1063 | D:1      | 1063 ||| READING scroll labelled LOSAUCUBAV.
  1064 | D:1      | 1064 ||| READING scroll labelled ODAYLUNEPH.
  1064 | D:1      | Identified a scroll of acquirement
  1064 | D:1      | 1064 ||| ACQUIRING 652 gold pieces
  1064 | D:1      | Acquired 652 gold pieces
  1066 | D:1      | 1066 ||| DROPPING scroll of blinking.
  1093 | D:2      | 1093 ||| STAIRDANCE
  1236 | D:2      | Found a glowing golden altar of the Shining One.
  1239 | D:2      | 1239 ||| Stepping ~*~*~tactically~*~*~ (stealth).
  1258 | D:2      | Found Zulol's Armour Shoppe.
  1284 | D:2      | 1284 ||| Stepping ~*~*~tactically~*~*~ (stealth).
  1286 | D:2      | 1286 ||| Stepping ~*~*~tactically~*~*~ (stealth).
  1316 | D:2      | Noticed Robin
  1317 | D:2      | 1317 ||| Stepping ~*~*~tactically~*~*~ (hiding).
  1318 | D:2      | 1318 ||| Stepping ~*~*~tactically~*~*~ (hiding).
  1321 | D:2      | 1321 ||| Stepping ~*~*~tactically~*~*~ (hiding).
  1322 | D:2      | 1322 ||| Stepping ~*~*~tactically~*~*~ (hiding).
  1323 | D:2      | 1323 ||| Stepping ~*~*~tactically~*~*~ (hiding).
  1332 | D:2      | Killed Robin
  1333 | D:2      | Reached XP level 4. HP: 15/26 MP: 8/8
  1333 | D:2      | 1333 ||| Stepping ~*~*~tactically~*~*~ (hiding).
  1623 | D:2      | Found Tiptof's Jewellery Shoppe.
  1631 | D:2      | 1631 ||| BUYING +6 ring of dexterity (396 gold).
  1631 | D:2      | Bought a +6 ring of dexterity for 396 gold pieces
  1631 | D:2      | 1631 ||| SHOPLISTING amulet of the acrobat (330 gold, have
                  | 285).
  1631 | D:2      | 1631 ||| BUYING ring of protection from fire (275 gold).
  1631 | D:2      | Bought a ring of protection from fire for 275 gold pieces
  1631 | D:2      | 1631 ||| SHOPLISTING ring of see invisible (165 gold, have
                  | 10).
  1673 | D:2      | 1673 ||| Stepping ~*~*~tactically~*~*~ (stealth).
  1677 | D:2      | 1677 ||| Stepping ~*~*~tactically~*~*~ (stealth).
  1737 | D:2      | 1737 ||| Stepping ~*~*~tactically~*~*~ (stealth).
  1745 | D:2      | Reached skill level 5 in Axes
  2226 | D:2      | Found a runed translucent door.
  2227 | D:2      | Noticed Crazy Yiuf
  2541 | D:2      | Found Kodupnum's Armour Shoppe.
  2585 | D:2      | Found Otyp's Magic Scroll Boutique.
  2594 | D:2      | 2594 ||| SHOPLISTING scroll of enchant armour (90 gold,
                  | have 30).
  2594 | D:2      | 2594 ||| SHOPLISTING scroll of enchant weapon (90 gold,
                  | have 30).
  2594 | D:2      | 2594 ||| BUYING scroll of identify (24 gold).
  2594 | D:2      | Bought a scroll of identify for 24 gold pieces
  2594 | D:2      | 2594 ||| SHOPLISTING scroll of identify (24 gold, have 6).
  2594 | D:2      | 2594 ||| SHOPLISTING scroll of teleportation (36 gold, have
                  | 6).
  2767 | D:2      | 2767 ||| UPGRADING to +2 cloak.
  2772 | D:2      | 2772 ||| UPGRADING to +6 ring of dexterity.
  2773 | D:2      | 2773 ||| UPGRADING to ring of protection from fire.
  2775 | D:2      | 2775 ||| READING scroll labelled ICUSASOGERGHYPP.
  2776 | D:2      | 2776 ||| READING scroll labelled FOESMU MUCOCS.
  2777 | D:2      | 2777 ||| READING scroll labelled DENWIXI KUENUE.
  2778 | D:2      | 2778 ||| DRINKING 2 pink potions.
  2779 | D:2      | 2779 ||| READING 2 scrolls of identify.
  2779 | D:2      | 2779 ||| IDENTIFYING glowing pink potion
  2826 | D:3      | Gained mutation: Your magical nature lets you fly swiftly
                  | and evasively. [Tengu growth]
  2826 | D:3      | Reached XP level 5. HP: 30/30 MP: 9/9
  2827 | D:3      | You are sucked into a shaft and drop 2 floors!
  2827 | D:5      | Entered Level 5 of the Dungeon
  2860 | D:5      | 2860 ||| DROPPING +0 mace.
  2867 | D:4      | Noticed Menkaure
  2868 | D:4      | Noticed an ogre
  2873 | D:4      | Killed Menkaure
  2874 | D:4      | Reached skill level 6 in Axes
  2874 | D:4      | Reached XP level 6. HP: 19/35 MP: 10/10
  2876 | D:4      | Reached skill level 7 in Axes
  2882 | D:4      | 2882 ||| Stepping ~*~*~tactically~*~*~ (stealth).
  3136 | D:4      | Noticed Eustachio
  3139 | D:4      | Reached skill level 3 in Fighting
  3141 | D:4      | 3141 ||| Stepping ~*~*~tactically~*~*~ (stealth).
  3147 | D:4      | 3147 ||| Stepping ~*~*~tactically~*~*~ (stealth).
  3154 | D:4      | HP: 9/37 [river rat[Eustachio] (4)]
  3155 | D:4      | HP: 4/37 [poisoned by Eustachio]
  3157 | D:4      | Succumbed to Eustachio's poison

Levels and vault maps discovered:
D:1:      grunt_arrival_lava_bath, layout_basic, minivault_14
D:2:      minmay_recursive_quarters, layout_basic, basic_altar, serial_shops,
          nicolae_shop_trees, nicolae_shop_crystal, nicolae_shop_stone,
          nicolae_lakefront_shop, uniq_robin, uniq_crazy_yiuf_cottage
D:3:      layout_basic, dilly_ecumenical_altar_fadedgnrine,
          kennysheep_another_room
D:4:      due_chaos_kobolds, layout_layer_cave, minmay_misc_feat_alley,
          uniq_menkaure, uniq_ijyb, uniq_eustachio
D:5:      layout_basic, uniq_blork_the_orc

Skill      XL: |  1  2  3  4  5  6 |
---------------+-------------------+-----
Axes           | 3 4 5 6 7 |  7.1
Fighting       | 3 |  3.0
Throwing       | |  1.0
Armour         | |  1.1
Dodging        | |  2.1
Spellcasting   | |  2.0
Translocations | |  2.4

Action                   |  1- 3 |  4- 6 || total
-------------------------+-------+-------++-------
Melee: Hand axe          |    81 |    99 ||   180
       Kick              |    23 |    29 ||    52
       Peck              |     6 |    18 ||    24
       Punch             |     1 |       ||     1
Throw: Boomerang         |     7 |       ||     7
  Use: Scroll            |     3 |     4 ||     7
       Potion            |       |     1 ||     1
Armor: Leather armour    |    15 |       ||    15
       Scale mail        |     6 |    40 ||    46
Dodge: Dodged            |    46 |    50 ||    96

Table legend:
 A = Non-vault XP
 B = Vault XP
 C = Vault XP percentage of total XP
 D = Non-vault monster count
 E = Vault monster count
 F = Vault count percentage of total count
                 A         B        C        D         E       F
            +---------+---------+-------+---------+---------+-------
      Total |     278 |     237 |  46.0 |      52 |      19 |  26.8
            +---------+---------+-------+---------+---------+-------
        D:1 |      51 |       0 |   0.0 |      27 |       0 |   0.0
        D:2 |      58 |      54 |  48.2 |      19 |      18 |  48.6
        D:3 |       2 |       0 |   0.0 |       1 |       0 |   0.0
        D:4 |     167 |     183 |  52.3 |       5 |       1 |  16.7
            +---------+---------+-------+---------+---------+-------
